 Dungeon Crawl Stone Soup version bcrawl-1.34.4 (webtiles) character file.

Game seed: 422471575151827382

175454 KristoblXynda the Chopper (level 6, -2/48 HPs)
             Began as a Demonspawn Gladiator on Oct 31, 2021.
             Slain by a hippogriff (5 damage)
             ... on level 4 of the Dungeon.
             The game lasted 00:04:26 (2820 turns).

KristoblXynda the Chopper (Demonspawn Gladiator)    Turns: 2820, Time: 00:04:26

Health: -2/48      AC:  8    Str: 16    XL:     6   Next: 5%
Magic:  6/6        EV: 12    Int: 10    God:
Gold:   88         SH:  0    Dex: 14    Spells: 5/5 levels left

rFire    . . .     SeeInvis .   a - +0 war axe
rCold    . . .     Gourm    .   (no shield)
rNeg     . . .     Faith    .   m - +0 ring mail
rPois    .         Spirit   .   (helmet restricted)
rElec    .         Reflect  .   (no cloak)
rCorr    .         Harm     .   o - +0 pair of gloves
MR       .....                  (no boots)
Stlth    +.........             (no amulet)
HPRegen  0.16/turn              (no ring)
MPRegen  0.10/turn              (no ring)

@: no status effects
A: antennae 2, slimy green scales 1, demonic guardian 1
a: no special abilities


You were on level 4 of the Dungeon.
You were hungry.

You visited 1 branch of the dungeon, and saw 4 of its levels.

You collected 88 gold pieces.

Inventory:

Hand Weapons
 a - a +0 war axe (weapon)
 l - a +3 flail
Missiles
 d - 3 throwing nets {=f}
Armour
 m - a +0 ring mail (worn)
 o - a +0 pair of gloves (worn)
Scrolls
 c - 2 scrolls of magic mapping
 g - 5 scrolls of remove curse
 h - a scroll of teleportation {unknown}
 i - a scroll of identify
 j - a scroll of enchant weapon {unknown}
 k - a scroll of fear
 p - a scroll of fog {unknown}
Potions
 b - a potion of ambrosia
 f - a potion of mutation
Comestibles
 e - 4 rations {!d}


   Skills:
 + Level 4.0 Fighting
 * Level 4.3 Axes
 - Level 2.0 Throwing
 + Level 2.0 Armour
 + Level 3.6 Dodging


You had 5 spell levels left.
You didn't know any spells.
Your spell library was empty.

Dungeon Overview and Level Annotations

Branches:
Dungeon (4/12)
 Temple: D:4-7

Altars:
Kikubaaqudgha
Vehumet
The Shining One


Innate Abilities, Weirdness & Mutations

You have a pair of antennae on your head.
You are partially covered in slimy green scales. (AC +2)
A weak demonic guardian rushes to your aid.


Message History

You hit the hippogriff but do no damage.
The hippogriff is heavily wounded.
The hippogriff bites you! The hippogriff pecks you.
The hippogriff claws you but does no damage.
Your shadow imp hits the hippogriff.
You hit the hippogriff.
The hippogriff is heavily wounded.
The hippogriff bites you. The hippogriff barely misses you.
The hippogriff claws you.
Your shadow imp barely misses the hippogriff.
The hippogriff bites you.
* * * LOW HITPOINT WARNING * * *
The hippogriff closely misses you. The hippogriff claws you!
* * * LOW HITPOINT WARNING * * *
You hit the hippogriff but do no damage.
The hippogriff is heavily wounded.
Your shadow imp hits the hippogriff.
The hippogriff bites you.
* * * LOW HITPOINT WARNING * * *
The hippogriff pecks you.
You die...

#..........#
..........#
......... #
....... #.
..... .. ...
#.#.##.##
#....5H.#####
###...@....<#
###########


You could see a hippogriff and a friendly shadow imp.

Vanquished Creatures
  An orc priest (D:3)
  Jessica (D:2)
  A worker ant (D:3)
  6 adders
  4 gnolls (D:3)
  2 worms (D:2)
  2 leopard geckos
  12 orcs
  2 bats (D:2)
  A bat zombie (D:2)
  2 giant cockroaches
  5 goblins
  5 hobgoblins
  10 jackals
  9 quokkas
  A frilled lizard (D:1)
  8 kobolds
  5 rats
  2 rat zombies (D:2)
79 creatures vanquished.

Notes
Turn   | Place    | Note
-------+----------+-------------------------------------------
     0 | D:1      | KristoblXynda the Demonspawn Gladiator began the quest for
                  | the Orb.
     0 | D:1      | Reached XP level 1. HP: 18/18 MP: 1/1
   308 | D:1      | Gained mutation: You have a pair of small antennae on your
                  | head. [demonic ancestry]
   308 | D:1      | Reached XP level 2. HP: 24/24 MP: 2/2
   670 | D:2      | Gained mutation: You have a pair of antennae on your head.
                  | [demonic ancestry]
   670 | D:2      | Reached XP level 3. HP: 16/29 MP: 3/3
  1116 | D:2      | Found an ancient bone altar of Kikubaaqudgha.
  1248 | D:2      | Reached skill level 1 in Armour
  1397 | D:2      | Reached XP level 4. HP: 6/35 MP: 4/4
  1532 | D:2      | Noticed Jessica
  1542 | D:2      | Killed Jessica
  1762 | D:3      | Gained mutation: A weak demonic guardian rushes to your
                  | aid. [demonic ancestry]
  1762 | D:3      | Reached XP level 5. HP: 39/42 MP: 5/5
  2281 | D:3      | Found a radiant altar of Vehumet.
  2542 | D:3      | Gained mutation: You are partially covered in slimy green
                  | scales. (AC +2) [demonic ancestry]
  2542 | D:3      | Reached XP level 6. HP: 47/48 MP: 6/6
  2696 | D:3      | Found a glowing golden altar of the Shining One.
  2812 | D:4      | Noticed a hippogriff
  2820 | D:4      | Slain by a hippogriff

Skill      XL: |  1  2  3  4  5 |
---------------+----------------+-----
Throwing       | 2 |  2.0
Axes           | 3 4 |  4.3
Dodging        | 3 |  3.6
Armour         | 1 2 |  2.0
Fighting       | 4 |  4.0

Action                   |  1- 3 |  4- 6 || total
-------------------------+-------+-------++-------
Melee: War axe           |   117 |    94 ||   211
  Use: Scroll            |     2 |     4 ||     6
       Potion            |       |     3 ||     3
  Eat: Chunk             |     5 |     7 ||    12
Armor: Leather armour    |    17 |       ||    17
       Ring mail         |    10 |    34 ||    44
Dodge: Dodged            |    97 |    79 ||   176
